 Dungeon Crawl Stone Soup version 0.31-a0-983-g7b6862f502 (webtiles) character file.

Game seed: 16502315443130335733

2104 Vomitron the Carver (level 9, 0/76 (81) HPs)
             Began as a Minotaur Monk on Nov 2, 2023.
             Slain by a wight
             ... wielding a +3 morningstar of freezing
              (6 damage)
             ... on level 8 of the Dungeon.
             The game lasted 00:10:21 (5181 turns).

Vomitron the Carver (Minotaur Monk)                 Turns: 5181, Time: 00:10:22

HP:   0/76 (81)     AC:  6    Str: 16    XL:     9   Next: 7%
MP:   8/8           EV: 13    Int:  7    God:
Gold: 368           SH:  0    Dex: 17    Spells: 8/8 levels left

rFire   . . .        i - +2 short sword (venom)
rCold   + . .        d - orb {light}
rNeg    . . .        u - +2 robe {rC+}
rPois   .            (helmet restricted)
rElec   .            (no cloak)
rCorr   .            x - +1 pair of gloves
SInv    .            (no boots)
Will    .....        e - amulet of the acrobat
Stlth   +            (no ring)
HPRegen 0.32/turn    (no ring)
MPRegen 0.11/turn

%: acrobat
@: glowing, drained
A: horns 2, retaliatory headbutt
a: no special abilities


You were on level 8 of the Dungeon.
You visited 2 branches of the dungeon, and saw 9 of its levels.
You also visited: Sewer.

You collected 388 gold pieces.
You spent 20 gold pieces at shops.

Inventory:

Hand Weapons
 a - a +0 falchion
 i - a +2 short sword of venom (weapon)
 q - a +5 antimagic whip
 G - a +1 whip of electrocution
 L - a +4 spear of freezing
Armour
 b - a +0 robe
 d - an orb of light (worn)
 p - the +0 robe "Foaddug" {Harm Int+3 Slay+2}
   (You found it on level 2 of the Dungeon)

   Int+3:     It affects your intelligence (+3).
   Slay+2:    It affects your accuracy & damage with ranged weapons and melee
   (+2).
   Harm:      It increases damage dealt and taken.
 t - a +0 ring mail
 u - a +2 robe of cold resistance (worn)
 v - the +5 chain mail of the Mind {Harm rF+}
   (You found it on level 3 of the Dungeon)

   rF+:       It protects you from fire.
   Harm:      It increases damage dealt and taken.
 x - a +1 pair of gloves (worn)
 E - a +0 buckler
Jewellery
 e - an amulet of the acrobat (around neck)
 r - a +6 ring of intelligence
 F - a +6 ring of dexterity
 I - a ring of see invisible
 J - the ring of Understanding {rC+ rN+ Will+ Dex+3}
   (You found it on level 6 of the Dungeon)

   [ring of protection from cold]

   Dex+3:     It affects your dexterity (+3).
   rC+:       It protects you from cold.
   rN+:       It protects you from negative energy.
   Will+:     It increases your willpower.
 K - a ring of protection from cold
Wands
 s - a wand of charming (5)
 H - a wand of acid (10)
Scrolls
 h - 5 scrolls of enchant weapon
 m - a scroll of poison
 n - a scroll of teleportation
 y - a scroll of identify
 D - 2 scrolls of fog
Potions
 c - a potion of ambrosia
 f - 2 potions of magic
 g - 2 potions of enlightenment
 j - a potion of lignification
 k - 4 potions of heal wounds
 l - a potion of brilliance {unknown}
 o - 2 potions of curing
 w - a potion of invisibility {unknown}
 z - a potion of resistance {unknown}
 A - a potion of mutation {unknown}
 B - a potion of might {unknown}
 C - a potion of berserk rage {unknown}


   Skills:
 + Level 8.0 Fighting
 * Level 10.8 Long Blades
 + Level 6.9 Armour
 - Level 3.2 Dodging


You had 8 spell levels left.
You didn't know any spells.
Your spell library contained the following spells:

 Spells                   Type           Power      Damage    Failure   Level
 Necrotise                Necr           0%         1d4       43%         1
 Blink                    Tloc           0%         N/A       56%         2
 Lesser Beckoning         Tloc           0%         N/A       56%         2
 Momentum Strike          Conj/Tloc      0%         3d8       56%         2
 Scorch                   Fire           0%         2d5       56%         2
 Wereblood                Tmut           0%         N/A       56%         2
 Ozocubu's Armour         Ice            0%         N/A       80%         3
 Vampiric Draining        Necr           0%         2d6       80%         3
 Flame Wave               Conj/Fire      0%         2d4       99%         4
 Agony                    Necr           0%         N/A       100%        5
 Alistair's Intoxication  Tmut/Pois      0%         N/A       100%        5
 Borgnjor's Vile Clutch   Necr/Erth      0%         N/A       100%        5
 Irradiate                Conj/Tmut      0%         3d11      100%        5
 Eringya's Noxious Bog    Tmut/Pois      0%         4d6       100%        6
 Summon Cactus Giant      Summ           0%         N/A       100%        6
 Ozocubu's Refrigeration  Ice            0%         4d7       100%        7


Dungeon Overview and Level Annotations

Branches:
Dungeon (8/15)             Temple (1/1) D:5           Sewer (visited)
   Lair: D:8-11

Altars:
Ashenzari
Cheibriados
Dithmenos
Fedhas
Hepliaklqana
Nemelex Xobeh
Qazlal
Ru
Sif Muna
Trog
Vehumet
Zin
The Shining One

Shops:
D:7 ?


Innate Abilities, Weirdness & Mutations

You have a pair of horns on your head.
You reflexively headbutt those who attack you in melee.


Message History

The wight is almost destroyed.
You feel very sick.
The wight hits you with a +3 morningstar of freezing.
You feel drained. The wight barely misses you.
Unknown command.
You barely miss the wight.
The wight is almost destroyed.
You feel sick. The wight hits you but does no damage.
Unknown command.
You hit the wight.
You destroy the wight!
You feel very sick.
Unknown command.
You hit the wight but do no damage.
You feel sick. The wight misses you.
You hit the wight. You headbutt the wight.
The wight is moderately damaged.
You feel sick.
The wight hits you with a +3 morningstar of freezing!
* * * LOW HITPOINT WARNING * * *
The wight freezes you.
* * * LOW HITPOINT WARNING * * *
You hit the wight but do no damage.
The wight is moderately damaged.
You feel sick.
Unknown command.
You hit the wight but do no damage. You headbutt the wight.
The wight is moderately damaged.
You feel sick. The wight misses you.
Unknown command.
You hit the wight but do no damage. You headbutt the wight.
The wight is severely damaged.
You feel sick. The wight closely misses you.
You feel better. The wight barely misses you.
Unknown command.
You hit the wight but do no damage. Your headbutt misses the wight.
The wight is severely damaged.
The wight hits you with a +3 morningstar of freezing!!
* * * LOW HITPOINT WARNING * * *
You feel drained.
You die...

#.............
#............
#..........#
#........>.#
#..........#
#..........#
#.....####....
#..)z.# .
#..@..#
#.....#
#.....#
#.....#
#.....#
#######


You could see a wight.

Vanquished Creatures
  Pikel (D:5)
  Grinder (D:6)
  Sigmund (D:5)
  2 ice beasts
  A centaur (D:7)
  A kobold brigand (D:7)
  A gnoll sergeant (D:7)
  A bullfrog (D:6)
  A scorpion (D:7)
  2 wights (D:8)
  2 hounds
  4 jellies
  Jessica (D:3)
  2 iguanas
  2 sleepcaps
  An orc wizard (D:7)
  Robin (D:2)
  7 adders
  7 gnolls
  2 river rats
  2 shadow imps (D:7)
  A white imp (D:5)
  2 ufetubi (D:4)
  4 worms
  A dart slug (D:1)
  14 orcs
  12 ball pythons
  9 endoplasms
  5 giant cockroaches
  11 goblins
  11 hobgoblins
  10 jackals (D:2)
  5 kobolds
  3 quokkas
  9 bats
  9 frilled lizards
  13 rats
  A spectral goblin (D:1)
163 creatures vanquished.

Notes
Turn   | Place    | Note
-------+----------+-------------------------------------------
     0 | D:1      | Vomitron the Minotaur Monk began the quest for the Orb.
     0 | D:1      | Reached XP level 1. HP: 19/19 MP: 0/0
   115 | D:1      | Reached skill level 4 in Long Blades
   137 | D:1      | Reached XP level 2. HP: 27/27 MP: 1/1
   170 | D:1      | Reached skill level 1 in Armour
   190 | D:1      | Found a faded altar of an unknown god.
   685 | D:2      | Reached XP level 3. HP: 28/33 MP: 2/2
   709 | D:2      | Identified the +0 robe "Foaddug" {Harm Int+3 Slay+2}
   939 | D:2      | Noticed Robin
   955 | D:2      | Killed Robin
   960 | D:2      | Reached XP level 4. HP: 32/40 MP: 1/3
   961 | D:2      | Reached skill level 5 in Long Blades
  1409 | D:3      | Noticed Jessica
  1412 | D:3      | Killed Jessica
  1437 | D:3      | Reached XP level 5. HP: 42/47 MP: 4/4
  1591 | D:3      | Identified the +5 chain mail of the Mind {Harm rF+}
  1644 | D:3      | Found a blossoming altar of Fedhas.
  1843 | D:3      | Found a glowing drain.
  1847 | Sewer    | Entered a sewer
  1902 | Sewer    | Reached skill level 6 in Long Blades
  1944 | Sewer    | Reached skill level 5 in Fighting
  1983 | Sewer    | Found a shimmering altar of Xom.
  2002 | Sewer    | Reached XP level 6. HP: 37/56 MP: 5/5
  2543 | D:3      | Found a hazy altar of Hepliaklqana.
  2544 | D:3      | Found a broken altar of Ashenzari.
  3222 | D:4      | Reached skill level 7 in Long Blades
  3417 | D:5      | Entered Level 5 of the Dungeon
  3468 | D:5      | You fall into a shaft and drop 1 floor!
  3483 | D:6      | Noticed Grinder
  3497 | D:6      | Killed Grinder
  3498 | D:6      | Reached XP level 7. HP: 44/62 MP: 2/6
  3683 | D:5      | Noticed Pikel
  3701 | D:5      | Killed Pikel
  3702 | D:5      | Reached skill level 9 in Long Blades
  3702 | D:5      | Reached skill level 5 in Armour
  3702 | D:5      | Reached XP level 8. HP: 43/71 MP: 7/7
  3823 | D:5      | Noticed Sigmund
  3832 | D:5      | Killed Sigmund
  3885 | D:5      | Found a staircase to the Ecumenical Temple.
  4022 | Temple   | Entered the Ecumenical Temple
  4293 | D:6      | Identified the ring of Understanding {rC+ rN+ Will+ Dex+3}
  4332 | D:7      | Reached skill level 10 in Long Blades
  4507 | D:7      | Found The Oracle's Delphic Readings.
  4511 | D:7      | Bought a scroll of identify for 20 gold pieces
  4845 | D:7      | Reached XP level 9. HP: 81/81 MP: 8/8
  5181 | D:8      | Slain by a wight

Illustrated notes

Levels and vault maps discovered:
D:1:      dpeg_arrival_tiny_a, layout_basic,
          dreamdust_ecumenical_altar_drowned_temple,
          nicolae_twisty_statue_hallways
D:2:      layout_basic, minmay_small_reverse_x, uniq_robin
D:3:      layout_loops_cross, mainiacjoe_overflow_cross_hatched,
          chequers_temple_overflow_statue_of_worship, gup_sewer_entry_spiral,
          uniq_jessica
D:4:      layout_gridville
D:5:      layout_loops_ring, nicolae_elyvilon_temple_path,
          minmay_temple_entry_from_below_a, serial_rivers,
          chequers_serial_rivers_micro_a, chequers_serial_rivers_large_a,
          chequers_serial_rivers_small_a, chequers_serial_rivers_marsh,
          minmay_parallelograms, uniq_sigmund, uniq_blork_the_orc, uniq_pikel
D:6:      layout_rooms, uniq_grinder
D:7:      layout_rooms, nicolae_nh_oracle_at_delphi
D:8:      layout_gridville, mainiacjoe_overflow_brackets
Temple:   zaba_magenta_temple

Skill      XL: |  1  2  3  4  5  6  7  8  9 |
---------------+----------------------------+-----
Long Blades    | 4 5 6 7 9 10 | 10.8
Armour         | 1 2 3 4 5 6 |  6.9
Fighting       | 4 5 6 7 8 |  8.0
Dodging        | |  3.2

Action                     |  1- 3 |  4- 6 |  7- 9 || total
---------------------------+-------+-------+-------++-------
  Melee: Falchion          |    13 |       |       ||    13
         Short sword       |    59 |   133 |   131 ||   323
         Headbutt          |     7 |    38 |    38 ||    83
         Whip              |       |    29 |     5 ||    34
    Use: Scroll            |       |     6 |     5 ||    11
         Potion            |       |       |     1 ||     1
 Armour: Robe              |    21 |    26 |    69 ||   116
         Skin              |       |    19 |       ||    19
         Chain mail        |       |    15 |       ||    15
  Dodge: Dodged            |    63 |   122 |   110 ||   295

Table legend: (Time is in decaauts)
 A = Elapsed time spent in this place.
 B = Non-inter-level travel time spent in this place.
 C = Inter-level travel time spent in this place.
 D = Time resting spent in this place.
 E = Time spent auto-exploring this place.
 F = Levels seen in this place.
 G = Mean time per level.
                   A        B        C        D        E       F      G
               +--------+--------+--------+--------+--------+-----+--------+
         Total |   5195 |   4995 |    200 |    656 |   2930 |  10 |  519.5 |
       Dungeon |   4716 |   4516 |    200 |    529 |   2783 |   8 |  589.5 |
        Temple |      1 |      1 |      0 |      0 |      0 |   1 |    1.0 |
         Sewer |    477 |    477 |      0 |    127 |    147 |   1 |  477.0 |
               +--------+--------+--------+--------+--------+-----+--------+

Top non-repeatable levels by time:
     D:3: 873 daAuts
     D:2: 836 daAuts
     D:7: 787 daAuts
     D:4: 704 daAuts
     D:1: 569 daAuts
     D:6: 518 daAuts
   Sewer: 477 daAuts
     D:5: 367 daAuts
     D:8: 58 daAuts
  Temple: 1 daAuts
